 Dungeon Crawl Stone Soup version 0.31-a0-236-g9a0961fb85 (webtiles) character file.

Game seed: 18384916936979016213

102 qw the Shooter (level 4, -3/26 HPs)
             Began as a Gargoyle Hexslinger on July 10, 2023.
             Slain by a hobgoblin (5 damage)
             ... led by Robin
             ... on level 2 of the Dungeon.
             The game lasted 00:00:46 (1181 turns).

qw the Shooter (Gargoyle Hexslinger)                Turns: 1181, Time: 00:00:47

Health: -3/26      AC:  8    Str: 11    XL:     4   Next: 77%
Magic:  5/5        EV: 10    Int: 14    God:
Gold:   75         SH:  0    Dex: 14    Spells: 4/5 levels left

rFire   . . .        Y - +1 sling
rCold   . . .        (no shield)
rNeg    + . .        e - +0 ring mail
rPois   inf          (no helmet)
rElec   +            (no cloak)
rCorr   .            (no gloves)
SInv    +            (no boots)
Will    .....        (no amulet)
Stlth   +            b - ring of see invisible
HPRegen 0.24/turn    (no ring)
MPRegen 0.09/turn

%: no passive effects
@: no status effects
A: sickness immunity, AC +3, negative energy resistance 1, electricity
resistance, torment resistance 1, petrification resistance
a: no special abilities


You were on level 2 of the Dungeon.
You visited 1 branch of the dungeon, and saw 2 of its levels.

You collected 129 gold pieces.
You spent 54 gold pieces at shops.


Innate Abilities, Weirdness & Mutations

You are immune to sickness and miasma.
Your stone body is resilient. (AC +3)
You are immune to poison.
You resist negative energy. (rN+)
You are resistant to electric shocks. (rElec)
You are resistant to unholy torment.
You are immune to petrification.


   Skills:
 - Level 2.0 Fighting
 + Level 4.3 Ranged Weapons
 - Level 1.0 Armour
 - Level 1.5 Dodging
 - Level 1.0 Spellcasting
 - Level 2.6 Hexes


You had 4 spell levels left.
You knew the following spells:

 Your Spells              Type           Power      Damage    Failure   Level
a - Slow                  Hex            32%        N/A       21%         1

Your spell library contained the following spells:

 Spells                   Type           Power      Damage    Failure   Level
 Inner Flame              Hex/Fire       4%         N/A       71%         3
 Portal Projectile        Hex/Tloc       8%         N/A       71%         3
 Cause Fear               Hex            4%         N/A       90%         4

Inventory:

Hand Weapons
 Y - a +1 sling (weapon)
Armour
 e - a +0 ring mail (worn)
 f - a +0 helmet
Jewellery
 b - a ring of see invisible (left hand)
 d - a ring of resist corrosion
 j - a ring of see invisible
 k - a ring of magical power
Scrolls
 a - 4 scrolls of identify
 c - a scroll of silence {unknown}
 i - a scroll of torment {unknown}
 l - a scroll of teleportation {unknown}
Potions
 g - a potion of ambrosia {unknown}
 h - a potion of curing {unknown}

Dungeon Overview and Level Annotations

Branches:
Dungeon (2/15)

Altars:
Kikubaaqudgha

Shops:
D:2 [


Message History

A frilled lizard comes into view.
The goblin barely misses you. Robin barely misses you.
You shoot a sling bullet. The frilled lizard hisses angrily.
The sling bullet hits Robin.
Robin is heavily wounded.
The goblin closely misses you. The goblin hits you with a +0 dagger.
Robin barely misses you.
You shoot a sling bullet. The sling bullet barely misses Robin.
The sling bullet misses the bat.
The sling bullet barely misses the frilled lizard.
The bat hits you but does no damage. The goblin barely misses you.
The goblin hits you with a +0 dagger. Robin completely misses you.
The hobgoblin hits you.
You shoot a sling bullet. The sling bullet barely misses Robin.
The sling bullet closely misses the frilled lizard.
The hobgoblin misses you. The goblin hits you with a +0 dagger.
Robin hits you but does no damage. The goblin hits you but does no damage.
The hobgoblin completely misses you. The goblin barely misses you.
The goblin hits you with a +0 dagger. The hobgoblin hits you.
Robin hits you but does no damage.
The hobgoblin hits you but does no damage.
You shoot a sling bullet. The sling bullet hits Robin.
Robin is severely wounded.
The hobgoblin closely misses you. The goblin hits you with a +0 dagger.
The goblin hits you but does no damage. The hobgoblin barely misses you.
Robin says, "My army is invincible!"
Robin hits you but does no damage.
You shoot a sling bullet. The sling bullet hits Robin.
You kill Robin!
The hobgoblin no longer looks unusually strong.
The bat barely misses you. The bat closely misses you.
The hobgoblin hits you but does no damage.
The hobgoblin misses you. The goblin hits you but does no damage.
The goblin hits you with a +0 dagger.
You feel your intelligence returning.
You shoot a sling bullet.
The sling bullet closely misses the goblin.
The bat barely misses you. The hobgoblin misses you. The hobgoblin hits you.
You die...

###########.#\............#.#.#.#
#.#.#%....##...........
....##...####.##.#.#.#.
##.............##.......
###...............#.#.# .
#.###.#######........ ...#b###.#
#.......# ......ggg### #...#####
.))).l)@g%.# #...#
...#.#####.#####...####
#......>.....# ######)#####.#
.##########.# #.## ............#
#..# ###########.# #...
#.#####.## #.......#


You could see 2 hobgoblins, 2 goblins, a bat and a frilled lizard.

Vanquished Creatures
  A jelly (D:2)
  Robin (D:2)
  A worm (D:2)
  2 dart slugs (D:1)
  3 endoplasms
  3 giant cockroaches
  10 goblins
  6 hobgoblins
  4 jackals (D:1)
  A quokka (D:1)
  7 ball pythons
  4 bats
  2 frilled lizards (D:2)
  2 kobolds (D:1)
  5 rats
52 creatures vanquished.

Notes
Turn   | Place    | Note
-------+----------+-------------------------------------------
     0 | D:1      | qw the Gargoyle Hexslinger began the quest for the Orb.
     0 | D:1      | Reached XP level 1. HP: 12/12 MP: 2/2
     0 | D:1      | 0 ||| qw: Version: 0.3-a-52-g30416fa
     0 | D:1      | 0 ||| qw: Game counter: 4922
     0 | D:1      | 0 ||| qw: Melee chars always use a shield: true
     0 | D:1      | 0 ||| qw: God list: Okawaru
     0 | D:1      | 0 ||| qw: Allow faded altars: false
     0 | D:1      | 0 ||| qw: Do Orc after clearing Dungeon:15 true
     0 | D:1      | 0 ||| qw: Do second Lair branch before Depths: true
     0 | D:1      | 0 ||| qw: Lair rune preference: random
     0 | D:1      | 0 ||| qw: Goals: Normal
     0 | D:1      | 0 ||| PLANNING D:1-11
     0 | D:1      | 0 ||| DROPPING scroll of poison.
    74 | D:1      | Reached XP level 2. HP: 16/16 MP: 3/3
    89 | D:1      | Found a faded altar of an unknown god.
    98 | D:1      | Reached skill level 3 in Ranged Weapons
   166 | D:1      | Reached XP level 3. HP: 21/21 MP: 4/4
   170 | D:1      | 170 ||| READING scroll labelled YLAKHU QIUJIABRA.
   172 | D:1      | 172 ||| READING scroll labelled DEAR UQOMUR.
   197 | D:2      | Found an ancient bone altar of Kikubaaqudgha.
   205 | D:2      | 205 ||| STAIRDANCE
   209 | D:2      | 209 ||| STAIRDANCE
   213 | D:2      | 213 ||| STAIRDANCE
   217 | D:2      | 217 ||| STAIRDANCE
   221 | D:2      | 221 ||| STAIRDANCE
   225 | D:2      | 225 ||| STAIRDANCE
   229 | D:2      | 229 ||| STAIRDANCE
   233 | D:2      | 233 ||| STAIRDANCE
   237 | D:2      | 237 ||| STAIRDANCE
   241 | D:2      | 241 ||| STAIRDANCE
   245 | D:2      | 245 ||| STAIRDANCE
   249 | D:2      | 249 ||| STAIRDANCE
   253 | D:2      | 253 ||| STAIRDANCE
   257 | D:2      | 257 ||| STAIRDANCE
   261 | D:2      | 261 ||| STAIRDANCE
   265 | D:2      | 265 ||| STAIRDANCE
   269 | D:2      | 269 ||| STAIRDANCE
   273 | D:2      | 273 ||| STAIRDANCE
   277 | D:2      | 277 ||| STAIRDANCE
   281 | D:2      | 281 ||| STAIRDANCE
   659 | D:1      | 659 ||| UPGRADING to +0 ring mail.
   669 | D:1      | 669 ||| DROPPING +0 robe.
   670 | D:1      | 670 ||| UPGRADING to ring of see invisible.
   671 | D:1      | 671 ||| READING 2 scrolls labelled ZONWON JODGHEG.
   672 | D:1      | 672 ||| DRINKING 2 sedimented coppery potions.
   673 | D:1      | 673 ||| DROPPING potion of degeneration.
   798 | D:2      | Reached skill level 4 in Ranged Weapons
   798 | D:2      | Reached XP level 4. HP: 25/26 MP: 5/5
   940 | D:2      | Found Folil's Armour Shoppe.
   948 | D:2      | 948 ||| BUYING +0 helmet (54 gold).
   948 | D:2      | Bought a +0 helmet for 54 gold pieces
   948 | D:2      | 948 ||| SHOPLISTING +1 pair of boots (138 gold, have 60).
   948 | D:2      | 948 ||| SHOPLISTING +2 cloak (198 gold, have 60).
  1166 | D:2      | Reached skill level 1 in Armour
  1166 | D:2      | Noticed Robin
  1178 | D:2      | HP: 4/26 [hobgoblin[Robin] (6)]
  1180 | D:2      | Killed Robin
  1181 | D:2      | Slain by a hobgoblin

Levels and vault maps discovered:
D:1:      nicolae_arrival_escape_room, layout_rooms,
          hellmonk_ecumenical_altar_run_dry
D:2:      minmay_chambers_of_twos, layout_loops_ring, serial_shops, shop,
          basic_altar, hex_large, minmay_between, uniq_robin

Skill      XL: |  1  2  3  4 |
---------------+-------------+-----
Ranged Weapons | 3 4 |  4.3
Fighting       | 2 |  2.0
Armour         | 1 |  1.0
Dodging        | |  1.5
Spellcasting   | |  1.0
Hexes          | |  2.6

Action                     |  1- 3 |  4- 6 || total
---------------------------+-------+-------++-------
   Fire: Sling             |   123 |    43 ||   166
    Use: Scroll            |     3 |       ||     3
         Potion            |     1 |       ||     1
 Armour: Robe              |    24 |       ||    24
         Ring mail         |     2 |    22 ||    24
  Dodge: Dodged            |    43 |    24 ||    67

Table legend:
 A = Non-vault XP
 B = Vault XP
 C = Vault XP percentage of total XP
 D = Non-vault monster count
 E = Vault monster count
 F = Vault count percentage of total count
                 A         B        C        D         E       F
            +---------+---------+-------+---------+---------+-------
      Total |     120 |      26 |  17.8 |      45 |       7 |  13.5
            +---------+---------+-------+---------+---------+-------
        D:1 |      57 |       0 |   0.0 |      32 |       0 |   0.0
        D:2 |      63 |      26 |  29.2 |      13 |       7 |  35.0
            +---------+---------+-------+---------+---------+-------
